 Dungeon Crawl Stone Soup version 0.28-a0-653-g7e9dba17c3 (webtiles) character file.

Game seed: 12842423512492600969

7 ZARRMARR the Skirmisher (level 1, -3/18 HPs)
             Began as a Mummy Cinder Acolyte on Oct 12, 2021.
             Was a High Priest of Ignis.
             Slain by a gnoll (4 damage)
             ... on level 1 of the Dungeon.
             The game lasted 00:01:06 (81 turns).

ZARRMARR the Skirmisher (Mummy Cinder Acolyte)        Turns: 81, Time: 00:01:07

Health: -3/18      AC:  2    Str: 17    XL:     1   Next: 83%
Magic:  2/2        EV: 11    Int: 13    God:    Ignis [*****.]
Gold:   8          SH:  0    Dex:  7    Spells: 2/2 levels left

rFire   . . .      SeeInvis .   a - -1 mace (flame)
rCold   + . .      Faith    .   (no shield)
rNeg    + + +      Spirit   .   b - +0 robe
rPois   ∞          Reflect  .   (no helmet)
rElec   .          Harm     .   (no cloak)
rCorr   .          Rampage  .   (no gloves)
Will    .....                   (no boots)
Stlth   +.........              (no amulet)
HPRegen 0.06/turn               (no ring)
MPRegen 0.08/turn               (no ring)

@: no status effects
A: cold resistance 1, negative energy resistance 3, torment resistance 2, heat
vulnerability 1, no potions
a: Renounce Religion, Sea of Fire, Foxfire Swarm, Rising Flame


You were on level 1 of the Dungeon.
You worshipped Ignis.
Ignis was extremely pleased with you.
You visited 1 branch of the dungeon, and saw 1 of its levels.

You collected 8 gold pieces.

Inventory:

Hand Weapons
 a - a -1 mace of flaming (weapon)
Armour
 b - a +0 robe (worn)


   Skills:
 + Level 3.0 Fighting
 + Level 2.6 Maces & Flails
 + Level 0.0 Dodging
 + Level 1.4 Spellcasting
 + Level 2.5 Fire Magic


You had 2 spell levels left.
You didn't know any spells.
Your spell library contained the following spells:

 Spells                   Type           Power      Damage    Failure   Level
 Scorch                   Fire           14%        2d5       14%         2


Dungeon Overview and Level Annotations

Branches:
Dungeon (1/15)

Altars:


Innate Abilities, Weirdness & Mutations

You are immune to poison.
Your flesh is cold resistant. (rC+)
You are immune to negative energy. (rN+++)
You are immune to unholy pain and torment.
You are vulnerable to heat. (rF-)
You do not drink.


Message History

Unknown command.
Okay, then.
Things that are here:
a +0 short sword; a ball python corpse; a kobold corpse An endoplasm comes into view.
The endoplasm quivers.
You see here 10 gold pieces.
An endoplasm is nearby!
Nothing quivered!
Found a dagger.
Nothing quivered!
A gnoll and a kobold come into view.
The kobold is wielding a +2 short sword of protection.
The gnoll shouts!
The kobold shouts!
A hobgoblin comes into view.
The endoplasm freezes you.
You are frozen.
You resist.
The hobgoblin shouts!
You hit the endoplasm. You burn the endoplasm.
The endoplasm is severely wounded.
The endoplasm freezes you.
You are frozen.
You resist.
You barely miss the endoplasm.
The endoplasm is severely wounded.
The endoplasm closely misses you. The endoplasm completely misses you.
You hit the endoplasm. You burn the endoplasm.
You kill the endoplasm!
The gnoll hits you with a +0 whip.
You closely miss the gnoll. The gnoll hits you with a +0 whip.
The kobold misses you.
You are too injured to fight recklessly!
You are too injured to fight recklessly!
The kobold barely misses you.
You see here 10 gold pieces.
You closely miss the hobgoblin. The gnoll hits you with a +0 whip.
* * * LOW HITPOINT WARNING * * *
The hobgoblin hits you.
* * * LOW HITPOINT WARNING * * *
The gnoll hits you with a +0 whip.
You die...

#.... #......##....≈≈≈≈
#....#####......##......≈.
..........................
#......#.....)..##........
#........#......###.....).
.)......##......###......#
........##......##....≈≈##
#...:..Kg#......##...≈≈≈#
#......#g@.).#.###...≈≈≈#
.......#####.#..##...≈≈≈#
..####. #.†...#.#..≈≈# .
#. ###.#.#....≈≈≈# #.
.........≈≈≈ ##
......#.≈≈≈ ..... ....
....


You could see a gnoll, a hobgoblin and a kobold.

Vanquished Creatures
  A ball python (D:1)
  3 bats (D:1)
  An endoplasm (D:1)
  A kobold (D:1)
6 creatures vanquished.

Notes
Turn   | Place    | Note
-------+----------+-------------------------------------------
     0 | D:1      | ZARRMARR the Mummy Cinder Acolyte began the quest for the
                  | Orb.
     0 | D:1      | Reached XP level 1. HP: 18/18 MP: 2/2
    81 | D:1      | Slain by a gnoll

Illustrated notes

Levels and vault maps discovered:
D:1:      minmay_arrival_shoal_huts, layout_rooms, grunt_decor_fettered,
          supply_closet_lemuel, serial_bayou_pond_d

Action                   || total
-------------------------++-------
Melee: Mace              ||    12
Armor: Robe              ||     2
Dodge: Dodged            ||     9

Table legend: (Time is in decaauts)
 A = Elapsed time spent in this place.
 B = Non-inter-level travel time spent in this place.
 C = Inter-level travel time spent in this place.
 D = Time resting spent in this place.
 E = Time spent auto-exploring this place.
 F = Levels seen in this place.
 G = Mean time per level.
                   A        B        C        D        E       F      G
               +--------+--------+--------+--------+--------+-----+--------+
         Total |     85 |     85 |      0 |      0 |     54 |   1 |   85.0 |
       Dungeon |     85 |     85 |      0 |      0 |     54 |   1 |   85.0 |
               +--------+--------+--------+--------+--------+-----+--------+

Top non-repeatable levels by time:
     D:1: 85 daAuts
